 Dungeon Crawl Stone Soup version 0.29-a0-299-g4c793a2ed2 (webtiles) character file.

Game seed: 17843406642028425330

79 Dabor the Conjurer (level 4, -2/21 HPs)
             Began as a Deep Elf Conjurer on Mar 24, 2022.
             Was a Follower of Hepliaklqana.
             Slain by Tutankhamun's ghost (7 damage)
             ... on level 3 of the Dungeon.
             The game lasted 00:02:19 (2733 turns).

Dabor the Conjurer (Deep Elf Conjurer)              Turns: 2733, Time: 00:02:20

Health: -2/21      AC:  2    Str:  4    XL:     4   Next: 17%
Magic:  8/12       EV: 13    Int: 25    God:    Hepliaklqana [*.....]
Gold:   98         SH:  0    Dex: 13    Spells: 5/11 levels left

rFire   . . .      SeeInvis .   g - +1 short sword (elec)
rCold   . . .      Faith    .   (no shield)
rNeg    . . .      Spirit   .   a - +0 robe
rPois   .          Reflect  .   (no helmet)
rElec   .          Harm     .   (no cloak)
rCorr   .          Rampage  .   (no gloves)
Will    .....                   (no boots)
Stlth   ++........              (no amulet)
HPRegen 0.07/turn               n - ring of wizardry
MPRegen 0.13/turn               (no ring)

@: no status effects
A: reduced essence
a: Renounce Religion, Recall Ancestor, Ancestor Identity


You were on level 3 of the Dungeon.
You worshipped Hepliaklqana.
Hepliaklqana was aware of your devotion.
You visited 1 branch of the dungeon, and saw 3 of its levels.

You collected 98 gold pieces.

Inventory:

Hand Weapons
 g - a +1 short sword of electrocution (weapon)
Armour
 a - a +0 robe (worn)
Magical Staves
 j - a staff of air
Jewellery
 n - a ring of wizardry (left hand)
Wands
 m - a wand of acid (6)
Scrolls
 c - a scroll of amnesia {unknown}
 d - a scroll of fog {unknown}
 f - 4 scrolls of identify {unknown}
 i - a scroll of teleportation {unknown}
 o - a scroll of enchant weapon {unknown}
Potions
 e - a potion of degeneration {unknown}
 h - a potion of haste {unknown}
 k - a potion of might {unknown}
 l - a potion of resistance {unknown}
 p - a potion of attraction {unknown}
 q - a potion of brilliance {unknown}


   Skills:
 + Level 3.3 Dodging
 + Level 3.6 Stealth
 + Level 4.0 Spellcasting
 + Level 4.9 Conjurations


You had 5 spell levels left.
You knew the following spells:

 Your Spells              Type           Power      Damage    Failure   Level
a - Magic Dart            Conj           100%       1d8       1%          1
b - Searing Ray           Conj           58%        2d6       1%          2
c - Mephitic Cloud        Conj/Pois/Air  13%        N/A       6%          3

Your spell library contained the following spells:

 Spells                   Type           Power      Damage    Failure   Level
 Dazzling Flash           Conj/Hex       34%        N/A       4%          3
 Call Imp                 Summ           5%         N/A       6%          2
 Ignite Poison            Fire/Tmut/Pois 5%         N/A       11%         3
 Fulminant Prism          Conj/Hex       8%         3d7       13%         4
 Iskenderun's Mystic Bla  Conj/Tloc      17%        2d5       13%         4
 Freezing Cloud           Conj/Ice/Air   6%         6-21      45%         5


Dungeon Overview and Level Annotations

Branches:
Dungeon (3/15)

Altars:
Fedhas
Hepliaklqana
Makhleb
Sif Muna

Shops:
D:1 (

Annotations:
D:3 1 runed translucent door, Tutankhamun's ghost, amateur GrFi


Message History

Tutankhamun's ghost is moderately damaged. (Press . to maintain the ray.) Tutankhamun's ghost hits Qitarah but does no damage.
Qitarah barely misses Tutankhamun's ghost.
Qitarah avoids your attack.
The searing ray hits Tutankhamun's ghost but does no damage.
Tutankhamun's ghost is moderately damaged.
Tutankhamun's ghost closely misses Qitarah.
Qitarah closely misses Tutankhamun's ghost.
Qitarah avoids your attack.
The searing ray hits Tutankhamun's ghost.
Tutankhamun's ghost is heavily damaged.
Tutankhamun's ghost barely misses Qitarah.
Qitarah hits Tutankhamun's ghost.
Magic courses through your body.
Tutankhamun's ghost barely misses Qitarah.
Qitarah hits Tutankhamun's ghost but does no damage.
Casting: Searing Ray (safe; 1% risk of failure)
Confirm with . or Enter, or press ? or * to list all spells.
Aiming: Searing Ray (safe; 1% risk of failure)
Press: ? - help, Shift-Dir - straight line Qitarah avoids your attack.
The searing ray hits Tutankhamun's ghost.
Tutankhamun's ghost is heavily damaged.
The searing ray hits the river rat.
The river rat is moderately wounded. (Press . to maintain the ray.) Tutankhamun's ghost hits Qitarah!
Qitarah is destroyed!
The searing ray hits Tutankhamun's ghost.
Tutankhamun's ghost is severely damaged.
The searing ray hits the river rat.
The river rat is severely wounded.
Tutankhamun's ghost ripples.
The searing ray hits Tutankhamun's ghost but does no damage.
Tutankhamun's ghost is severely damaged.
The searing ray hits the river rat.
You kill the river rat!
Tutankhamun's ghost hits you!
You die...

##### ####### #...# #####
......#### #####...# #...#
#####..).######.......#######...#
#####.........'.......'.....'†..#
†...#....######.......#######...#
###.#....# #...############'##
..#.#....# #...#≈≈≈≈≈≈≈≈≈#....
#.#.##'#.# #.@W†≈≈≈≈$≈≈≈r+...#
..#.##.#.#######..#≈≈≈≈≈≈≈≈≈#.#..
###.##.#.##...⌠#..###########.##.
.......#..#...##..............+..
####.#....#._.................###
##..<#....#...######..........#..
##.#.#....#...⌠# #............≈
#..#.#....###### #...........≈≈
#.##.#.#### ##########.≈≈≈


You could see Tutankhamun's ghost.

Vanquished Creatures
  4 adders
  A river rat (D:3)
  A worm (D:2)
  A dart slug (D:1)
  2 orcs (D:3)
  3 ball pythons
  2 endoplasms (D:1)
  2 giant cockroaches (D:3)
  3 hobgoblins
  3 quokkas
  3 bats
  3 frilled lizards
  5 goblins
  2 kobolds
  2 rats (D:3)
37 creatures vanquished.

Vanquished Creatures (others)
  An ancestor (D:3)
  5 toadstools (D:1)
6 creatures vanquished.

Grand Total: 43 creatures vanquished

Notes
Turn   | Place    | Note
-------+----------+-------------------------------------------
     0 | D:1      | Dabor the Deep Elf Conjurer began the quest for the Orb.
     0 | D:1      | Reached XP level 1. HP: 10/10 MP: 6/6
    96 | D:1      | Found Judackol's Antique Weapon Emporium.
   375 | D:1      | Reached XP level 2. HP: 15/15 MP: 4/8
   887 | D:2      | Found a faded altar of an unknown god.
  1141 | D:2      | Reached XP level 3. HP: 19/19 MP: 8/10
  1752 | D:2      | Prayed at the altar of an unknown god.
  1752 | D:2      | Became a worshipper of Hepliaklqana the Forgotten
  1752 | D:2      | Reached * piety under Hepliaklqana
  1865 | D:3      | Found a runed translucent door.
  1892 | D:3      | Found a runed translucent door.
  1935 | D:3      | Noticed Tutankhamun's ghost (amateur GrFi)
  1942 | D:3      | Found a blossoming altar of Fedhas.
  2037 | D:3      | Learned a level 2 spell: Searing Ray
  2041 | D:3      | Learned a level 3 spell: Mephitic Cloud
  2298 | D:3      | Found a burning altar of Makhleb.
  2338 | D:3      | Reached XP level 4. HP: 21/21 MP: 7/11
  2706 | D:3      | Found a shimmering blue altar of Sif Muna.
  2733 | D:3      | Slain by Tutankhamun's ghost

Illustrated notes

Levels and vault maps discovered:
D:1:      ldierk_walled_garden, layout_basic, serial_shops,
          nicolae_shop_behind_doors
D:2:      layout_basic, hellmonk_ecumenical_altar_blasted
D:3:      layout_basic, lightli_temple_of_fire, mainiacjoe_overflow_alcove_2,
          fedhas_ov_isle_minmay, nicolae_overflow_hidden_temple,
          ebering_ghost_sewer_f, hangedman_decor_points

Skill      XL: |  1  2  3  4 |
---------------+-------------+-----
Stealth        | 3 |  3.6
Dodging        | 3 |  3.3
Spellcasting   | 4 |  4.0
Conjurations   | |  4.9

Action                   |  1- 3 |  4- 6 || total
-------------------------+-------+-------++-------
 Cast: Magic Dart        |    63 |     8 ||    71
       Searing Ray       |       |     4 ||     4
  Use: Potion            |       |     1 ||     1
Dodge: Dodged            |     3 |       ||     3

Table legend: (Time is in decaauts)
 A = Elapsed time spent in this place.
 B = Non-inter-level travel time spent in this place.
 C = Inter-level travel time spent in this place.
 D = Time resting spent in this place.
 E = Time spent auto-exploring this place.
 F = Levels seen in this place.
 G = Mean time per level.
                   A        B        C        D        E       F      G
               +--------+--------+--------+--------+--------+-----+--------+
         Total |   2732 |   2647 |     85 |      0 |   2455 |   3 |  910.7 |
       Dungeon |   2732 |   2647 |     85 |      0 |   2455 |   3 |  910.7 |
               +--------+--------+--------+--------+--------+-----+--------+

Top non-repeatable levels by time:
     D:3: 969 daAuts
     D:2: 962 daAuts
     D:1: 800 daAuts
